Map: Eternal Empire LE

Players

Illuminaty - Winner!

  • Race: Zerg Zerg
  • League: Platinum
  • Spawn Location: 7:00

prospeKt

  • Race: Zerg Zerg
  • League: Platinum
  • Spawn Location: 1:00

VOD

Have the link to the VOD?

Description

Time

  • Played on: June 9, 2020, 6:58 a.m.
  • Length: 11:06
Show
View Real Time Build Order
Export as new Build Order

Illuminaty Zerg - Winner!

Build Orders: Pool First 

Get SALT Encoding   

  12  0:04  Drone  
  13  0:13  Overlord  
  13  0:17  Drone  
  14  0:36  Spawning Pool  
  14  0:38  Drone  
  14  0:44  Drone  
  15  0:50  Overlord  
  15  0:55  Drone  
  15  0:56  Extractor  
  15  1:07  Drone  
  16  1:22  Zergling x4  
  16  1:25  Queen  
  20  1:34  Zergling x2  
  21  1:46  Zergling x2  
  22  1:55  Zergling x2  
  23  2:03  Metabolic Boost  
  23  2:05  Zergling x2  
  24  2:15  Zergling x2  
  24  2:20  Hatchery  
  23  2:38  Zergling x8  
  27  2:54  Zergling x2  
  27  2:55  Zergling x2  
  25  3:29  Zergling x2  
  25  3:30  Zergling x8  
  28  3:35  Drone  
  28  3:36  Queen  
  31  3:42  Zergling x2  
  31  3:58  Zergling x10  
  31  4:01  Overlord  
  25  4:52  Zergling x14  
  27  4:53  Zergling x10  
  32  5:04  Drone x3  
  35  5:10  Roach Warren  
  34  5:21  Drone x4  
  38  5:25  Drone  
  39  5:30  Drone x5  
  39  5:31  Overlord  
  38  5:54  Drone x4  
  38  6:02  Drone x4  
  38  6:03  Drone x2  
  43  6:07  Extractor  
  43  6:08  Extractor  
  41  6:11  Extractor  
  41  6:12  Roach x2  
  44  6:20  Drone x2  
  44  6:21  Evolution Chamber  
  45  6:35  Roach x3  
  45  6:36  Overlord x2  
  45  6:37  Overlord x3  
  51  6:58  Drone x4  
  51  7:00  Hatchery  
  54  7:02  Zerg Missile Weapons Level 1  
  54  7:10  Roach  
  54  7:11  Roach x2  
  60  7:26  Roach x4  
  60  7:27  Roach  
  70  7:30  Roach  
  72  7:41  Evolution Chamber  
  71  7:48  Roach  
  71  7:49  Roach x4  
  81  7:54  Lair  
  81  8:07  Zerg Ground Armor Level 1  
  81  8:13  Drone x6  
  81  8:18  Zergling x4  
  89  8:34  Ravager x7  
  92  8:37  Zergling x2  
  92  8:39  Overlord x3  
  94  9:08  Zergling x14  
  94  9:09  Zergling x16  
  97  9:55  Baneling Nest  
  97  9:58  Roach  
  97  9:59  Roach x8  
  100  10:40  Roach  
  100  10:41  Roach x6  
Show
View Real Time Build Order
Export as new Build Order

prospeKt Zerg 

Build Orders: Hatch First 

Get SALT Encoding   

  12  0:00  Drone  
  13  0:12  Overlord  
  13  0:18  Drone  
  14  0:31  Drone x2  
  14  0:35  Drone  
  17  0:58  Hatchery, Drone  
  17  1:08  Drone  
  19  1:15  Spawning Pool  
  19  1:17  Drone  
  18  1:28  Drone  
  18  1:30  Extractor  
  18  1:39  Drone  
  19  1:53  Drone  
  20  2:01  Overlord  
  20  2:10  Zergling x2  
  20  2:11  Queen x2  
  20  2:12  Zergling x2  
  26  2:24  Zergling x2  
  26  2:27  Drone  
  27  2:33  Spine Crawler, Zergling x4  
  24  2:52  Zergling x4  
  24  2:55  Drone x2  
  24  3:00  Queen  
  26  3:06  Drone x2  
  28  3:18  Overlord  
  28  3:30  Drone x2  
  25  3:35  Spine Crawler x2  
  25  3:37  Zergling x2  
  24  3:51  Zergling x6  
  20  4:07  Zergling x8  
  20  4:08  Spine Crawler  
  23  4:23  Drone x3  
  18  4:40  Drone  
  18  4:51  Drone x4  
  22  5:17  Queen  
  24  5:22  Roach Warren  
  24  5:25  Zergling x2  
  24  5:26  Zergling x2  
  25  5:34  Spine Crawler  
  15  5:59  Drone x3  
  18  6:14  Roach  
  20  6:22  Roach  
  22  6:32  Roach x2  
  26  6:41  Overlord  
  26  6:43  Drone  
  27  6:49  Drone  
  28  6:56  Roach  
  30  7:05  Roach x2  
  30  7:07  Roach  
  36  7:13  Drone  
  37  7:37  Overlord  
  37  7:42  Drone  
  38  7:55  Queen  
  40  8:00  Drone x3  
  43  8:07  Roach  
  45  8:21  Overlord  
  45  8:22  Drone  
  46  8:28  Extractor  
  45  8:45  Roach x4  
  54  9:24  Roach  
  54  9:25  Overlord  
  54  9:37  Roach x2  
  46  10:12  Roach x3  
  23  10:22  Roach x3  
Tags
 
Add a new tag
Caveats
  • Supply blocks, unpowered buildings, or Contaminate may cause inaccurate times.
  • Supply counts are checked every 10 seconds.